 Dungeon Crawl Stone Soup version 0.30-a0-1002-ga41ad49a19 (webtiles) character file.

Game seed: 11168746397810587066

15 FlurksSlurper the Insei (level 2, -7/22 HPs)
             Began as a Demonspawn Gladiator on Apr 5, 2023.
             Mangled by an orc
             ... wielding a +0 falchion of holy wrath
              (10 damage)
             ... on level 3 of the Dungeon.
             The game lasted 00:01:49 (991 turns).

FlurksSlurper the Insei (Demonspawn Gladiator)       Turns: 991, Time: 00:01:50

Health: -7/22      AC:  4    Str: 14    XL:     2   Next: 34%
Magic:  2/2        EV: 12    Int:  9    God:
Gold:   89         SH:  0    Dex: 14    Spells: 1/1 levels left

rFire   . . .      SeeInvis .      - Unarmed
rCold   . . .      Faith    .    (no shield)
rNeg    . . .      Spirit   .    a - +0 leather armour
rPois   .          Reflect  .    b - +0 helmet
rElec   .          Rampage  .    (no cloak)
rCorr   .                        (no gloves)
Will    .....                    (no boots)
Stlth   +                        (no amulet)
HPRegen 0.23/turn                (no ring)
MPRegen 0.08/turn                (no ring)

@: no status effects
A: demonic magic 1
a: no special abilities


You were on level 3 of the Dungeon.
You visited 1 branch of the dungeon, and saw 3 of its levels.

You collected 89 gold pieces.

Inventory:

Hand Weapons
 j - a +2 sling of electrocution
Missiles
 c - 3 throwing nets (quivered)
 d - a javelin
 e - 48 stones
 f - 6 poisoned darts
Armour
 a - a +0 leather armour (worn)
 b - a +0 helmet (worn)
Scrolls
 g - 2 scrolls of teleportation
 h - a scroll of identify {unknown}
 i - a scroll of brand weapon {unknown}
 k - a scroll of enchant weapon {unknown}
 l - a scroll of amnesia {unknown}


   Skills:
 + Level 2.0 Fighting
 + Level 1.8 Throwing
 + Level 2.8 Dodging
 + Level 3.2 Unarmed Combat


You had one spell level left.
You didn't know any spells.
Your spell library was empty.

Dungeon Overview and Level Annotations

Branches:
Dungeon (3/15)

Altars:
Sif Muna


Innate Abilities, Weirdness & Mutations

Spells you cast may paralyse adjacent enemies.


Message History

a +2 sling of electrocution; 9 gold pieces You closely miss the ball python.
The ball python closely misses you. x2
j - a +2 sling of electrocution You now have 89 gold pieces (gained 9).
A bat comes into view.
The ball python misses you. The ball python closely misses you.
You hit the ball python.
The ball python is moderately wounded.
The ball python bites you. The ball python grabs you.
The ball python constricts you.
You closely miss the ball python.
The ball python is moderately wounded.
The ball python bites you but does no damage.
The ball python constricts you.
You barely miss the ball python.
The ball python is moderately wounded.
The ball python bites you but does no damage.
The ball python constricts you.
You punch the ball python!
You kill the ball python!
The bat hits you but does no damage.
You hit the bat but do no damage. The bat barely misses you.
The bat hits you but does no damage.
You hit the bat.
You kill the bat!
Found a shimmering blue altar of Sif Muna.
An orc comes into view.
It is wielding a +0 falchion of holy wrath.
The orc moves out of view.
The orc hits you with a +0 falchion of holy wrath.
You convulse!
You barely miss the orc. The orc closely misses you.
You closely miss the orc. The orc closely misses you.
You completely miss the orc. The orc barely misses you.
You closely miss the orc. The orc barely misses you.
You hit the orc.
The orc is moderately wounded.
The orc hits you with a +0 falchion of holy wrath!
* * * LOW HITPOINT WARNING * * *
You convulse!
You die...

####...^.###.. .#
..........##.# .#
###....).##.####
.#
#.#<#........##.#
#.....###.....<.#
#######
#.......###
#.#.......#
#.#>....#.#
#.#.#@#.#
#.#.(o.......
#.......#....
##........##.
...........
.§≈.≈≈..#####
..§≈.≈≈.##
#.≈○_≈≈.#


You could see an orc.

Vanquished Creatures
  A dart slug (D:1)
  2 ball pythons
  3 bats
  2 giant cockroaches (D:1)
  A hobgoblin (D:2)
  2 frilled lizards (D:1)
  A goblin (D:3)
  A rat (D:1)
13 creatures vanquished.

Notes
Turn   | Place    | Note
-------+----------+-------------------------------------------
     0 | D:1      | FlurksSlurper the Demonspawn Gladiator began the quest for
                  | the Orb.
     0 | D:1      | Reached XP level 1. HP: 16/16 MP: 1/1
   251 | D:1      | Reached skill level 3 in Unarmed Combat
   347 | D:1      | Gained mutation: Spells you cast may paralyse adjacent
                  | enemies. [demonic ancestry]
   347 | D:1      | Reached XP level 2. HP: 22/22 MP: 2/2
   741 | D:1      | Found a faded altar of an unknown god.
   976 | D:3      | Found a shimmering blue altar of Sif Muna.
   991 | D:3      | Mangled by an orc

Illustrated notes

Levels and vault maps discovered:
D:1:      minmay_arrival_shattered_statue, layout_basic,
          shapermc_ecumenical_altar_mp_vishouse
D:2:      layout_loops_corners, minmay_misc_feat_square, uniq_robin
D:3:      layout_loops_cross, nicolae_sif_muna_condensation, minmay_cupped,
          uniq_sigmund

Skill      XL: |  1 |
---------------+----+-----
Unarmed Combat | 3 |  3.2
Fighting       | |  2.0
Throwing       | |  1.8
Dodging        | |  2.8

Action                     || total
---------------------------++-------
  Melee: Unarmed           ||    63
         Punch             ||     1
    Use: Scroll            ||     1
         Potion            ||     1
   Stab: Sleeping          ||     1
 Armour: Leather armour    ||    15
  Dodge: Dodged            ||    46

Table legend: (Time is in decaauts)
 A = Elapsed time spent in this place.
 B = Non-inter-level travel time spent in this place.
 C = Inter-level travel time spent in this place.
 D = Time resting spent in this place.
 E = Time spent auto-exploring this place.
 F = Levels seen in this place.
 G = Mean time per level.
                   A        B        C        D        E       F      G
               +--------+--------+--------+--------+--------+-----+--------+
         Total |    987 |    930 |     57 |     61 |    661 |   3 |  329.0 |
       Dungeon |    987 |    930 |     57 |     61 |    661 |   3 |  329.0 |
               +--------+--------+--------+--------+--------+-----+--------+

Top non-repeatable levels by time:
     D:1: 820 daAuts
     D:2: 121 daAuts
     D:3: 44 daAuts
